 Dungeon Crawl Stone Soup version 0.20.1-1-g8b1a95d (webtiles) character file.

1548 Monsterracer the Fighter (level 8, -12/74 HPs)
             Began as a Minotaur Earth Elementalist on Aug 30, 2017.
             Was an Initiate of Qazlal.
             Mangled by a two-headed ogre
             ... wielding a +0 giant spiked club
              (16 damage)
             ... on level 5 of the Dungeon.
             The game lasted 00:14:39 (6818 turns).

Monsterracer the Fighter (MiEE)                     Turns: 6818, Time: 00:14:40

Health: -12/74     AC: 12    Str: 15    XL:     8   Next: 57%
Magic:  9/9        EV:  8    Int: 12    God:    Qazlal [......]
Gold:   280        SH:  0    Dex: 11    Spells: 8/9 levels left

rFire    . . .     SeeInvis .   b - +5 rapier (protect)
rCold    . . .     Gourm    .   (no shield)
rNeg     . . .     Faith    .   r - +0 chain mail
rPois    .         Spirit   .   (helmet restricted)
rElec    .         Reflect  .   n - +1 cloak {+Inv}
rCorr    .         Harm     .   (no gloves)
MR       +....                  (no boots)
Stlth    ..........             (no amulet)
Regen    0.3/turn               (no ring)
MPRegen  0.2/turn               (no ring)

@: no status effects
A: retaliatory headbutt, horns 2, magic resistance 1, mutation resistance 1
a: Renounce Religion, Evoke Invisibility


You were on level 5 of the Dungeon.
You worshipped Qazlal.
Qazlal was noncommittal.
You were near starving.

You visited 2 branches of the dungeon, and saw 6 of its levels.
You also visited: Ossuary.

You collected 280 gold pieces.

Inventory:

Hand Weapons
 a - a +0 war axe
 b - a +5 rapier of protection (weapon)
 h - a +2 short sword of venom
Armour
 l - a +0 leather armour of fire resistance
 n - a +1 cloak of invisibility (worn)
 r - a +0 chain mail (worn)
Wands
 t - a wand of lightning (14/15)
Scrolls
 i - 2 scrolls of magic mapping
 k - a scroll of remove curse
 v - 3 scrolls of teleportation
Potions
 e - a potion of cancellation
 g - 3 potions of mutation
 j - 2 potions of curing
 o - a potion of ambrosia {unknown}
 q - a potion of magic
 x - a potion of might {unknown}
 z - a potion of berserk rage {unknown}
Comestibles
 c - 3 meat rations
 d - 8 bread rations
 f - a royal jelly
 s - 3 fruits


   Skills:
 * Level 8.0 Fighting
 * Level 7.4 Axes
 + Level 5.0 Armour
 - Level 3.7 Dodging
 - Level 1.5 Stealth
 - Level 1.3 Spellcasting
   Level 0.7 Transmutations
 - Level 2.4 Earth Magic
 + Level 1.2 Invocations


You had 8 spell levels left.
You knew the following spells:

 Your Spells              Type           Power        Failure   Level  Hunger
a - Sandblast             Erth           #.....       88%         1    ##.....


Dungeon Overview and Level Annotations

Branches:
Dungeon (5/15)             Temple (1/1) D:5

Altars:
Ashenzari
Cheibriados
Dithmenos
Elyvilon
Fedhas
Gozag
Hepliaklqana
Kikubaaqudgha
Makhleb
Nemelex Xobeh
Okawaru
Qazlal
Ru
Sif Muna
Trog
Uskayaw
Vehumet
Xom
Yredelemnul
Zin
The Shining One


Innate Abilities, Weirdness & Mutations

You reflexively headbutt those who attack you in melee.
You have a pair of horns on your head.
You are resistant to hostile enchantments. (MR+)
You are somewhat resistant to further mutation.


Message History

* * * LOW HITPOINT WARNING * * *
Huge Dmg: -19%(-14hp) hp: 37%(27hp)
You completely miss the two-headed ogre.
The two-headed ogre is moderately wounded.
The two-headed ogre hits you with a giant spiked club!
* * * LOW HITPOINT WARNING * * *
The two-headed ogre hits you but does no damage.
Huge Dmg: -14%(-10hp) hp: 23%(17hp)
You see here a helmet.
Found a scorched lapis lazuli ring and a dagger.
You see here a +2 short sword of venom.
h - a +2 short sword of venom The two-headed ogre hits you with a giant spiked club!
* * * LOW HITPOINT WARNING * * *
The two-headed ogre hits you with a giant club!
* * * LOW HITPOINT WARNING * * *
Huge Dmg: -34%(-25hp) hp: 3%(2hp)
You are near starving!
The two-headed ogre hits you with a giant spiked club!
You die...

....#.............##
......#............#
...#...............#
...................#######
...[####.................#
.#..## ##......<.........#
.#...###.................#
.#.................#######
...##...#.......@..#
......#........O...#
...................#
#..................#
#.................##
...#.............##
#####...........## #
#......##...#
#..###.######


You could see a two-headed ogre.

Vanquished Creatures
  Sigmund (D:2)
  Duvessa (D:4)
  An ice beast (D:5)
  2 ogres
  Dowan (D:4)
  A bullfrog zombie (D:3)
  2 crimson imps (D:5)
  A human zombie (D:4)
  A hound (D:4)
  A jelly (D:4)
  Crazy Yiuf (D:2)
  3 orc priests
  7 orc wizards
  2 bullfrog skeletons (D:5)
  Natasha (thrice) (D:2)
  2 iguanas (D:4)
  3 worker ants
  A hound zombie (D:5)
  A mummy (D:4)
  A howler monkey skeleton (D:4)
  6 adders
  3 worms
  5 dart slugs
  5 leopard geckos
  15 orcs
  A ball python (D:2)
  13 bats
  4 giant cockroaches
  8 goblins
  10 hobgoblins
  7 jackals
  9 kobolds
  3 quokkas
  3 frilled lizards
  13 rats
141 creatures vanquished.

Vanquished Creatures (others)
  A fungus (D:2)
1 creature vanquished.

Grand Total: 142 creatures vanquished

Notes
Turn   | Place    | Note
-------+----------+-------------------------------------------
     0 | D:1      | Monsterracer the Minotaur Earth Elementalist began the quest for the Orb.
     0 | D:1      | Reached XP level 1. HP: 14/14 MP: 1/1
    54 | D:1      | HP: 3/15 [kobold/whip (7)]
    71 | D:1      | Reached skill level 1 in Fighting
   353 | D:1      | Reached skill level 2 in Fighting
   353 | D:1      | Reached XP level 2. HP: 20/24 MP: 0/3
   602 | D:1      | Reached skill level 3 in Fighting
   810 | D:1      | Reached XP level 3. HP: 26/31 MP: 4/4
  1253 | D:2      | Noticed Natasha
  1266 | D:2      | Killed Natasha
  1266 | D:2      | Reached skill level 4 in Fighting
  1266 | D:2      | Reached XP level 4. HP: 41/41 MP: 5/5
  1370 | D:2      | Noticed Natasha
  1381 | D:2      | Killed Natasha
  1381 | D:2      | Reached skill level 5 in Fighting
  1406 | D:2      | Found a runed door.
  1410 | D:2      | Noticed Crazy Yiuf
  1413 | D:2      | HP: 19/42 [Crazy Yiuf/quarterstaff of chaos (14)]
  1418 | D:2      | HP: 15/42 [poisoned by Crazy Yiuf]
  1423 | D:2      | HP: 7/42 [poisoned by Crazy Yiuf]
  1427 | D:2      | HP: 3/42 [poisoned by Crazy Yiuf]
  1432 | D:2      | Killed Crazy Yiuf
  1432 | D:2      | Reached XP level 5. HP: 7/50 MP: 6/6
  1742 | D:2      | Noticed Natasha
  1760 | D:2      | HP: 23/50 [shadow imp/nerve-wracking pain[Natasha] (6)]
  1865 | D:2      | HP: 24/50 [Natasha (7)]
  1868 | D:2      | Killed Natasha
  1868 | D:2      | Reached skill level 6 in Fighting
  1920 | D:2      | HP: 25/50 [adder (2)]
  2162 | D:2      | Noticed Sigmund
  2167 | D:2      | Killed Sigmund
  2167 | D:2      | Reached skill level 7 in Fighting
  2167 | D:2      | Reached XP level 6. HP: 36/61 MP: 7/7
  2647 | D:3      | Reached skill level 8 in Fighting
  2788 | D:3      | Found a hide-covered altar of Uskayaw.
  2791 | D:3      | Noticed a hand axe
  2792 | D:3      | Noticed a dagger
  2807 | D:3      | Reached skill level 1 in Axes
  2904 | D:3      | Found a burning altar of Makhleb.
  3264 | D:4      | Reached skill level 1 in Armour
  3291 | D:4      | Reached XP level 7. HP: 44/68 MP: 8/8
  3356 | D:4      | HP: 33/68 [something/magic dart (6)]
  3690 | D:4      | Found a sand-covered staircase.
  3718 | Ossuary  | Entered an ossuary
  3726 | Ossuary  | Gained mutation: You are resistant to hostile enchantments. (MR+) [potion of mutation]
  3726 | Ossuary  | Gained mutation: You are somewhat resistant to further mutation. [potion of mutation]
  3726 | Ossuary  | HP: 21/68 [mummy (14)]
  3733 | D:4      | HP: 7/68 [mummy (14)]
  4242 | D:4      | HP: 31/68 [something/puff of flame (10)]
  4373 | D:4      | HP: 32/68 [ogre/giant club (20)]
  4793 | D:5      | Entered Level 5 of the Dungeon
  4818 | D:5      | Reached skill level 5 in Axes
  4839 | D:5      | Noticed a two-headed ogre
  4920 | D:4      | HP: 32/68 [howler monkey skeleton (4)]
  5102 | D:5      | Noticed Duvessa
  5102 | D:5      | Noticed Dowan
  5126 | D:4      | HP: 31/68 [Duvessa/rapier of protection (5)]
  5127 | D:4      | Killed Dowan
  5127 | D:4      | Reached XP level 8. HP: 34/74 MP: 9/9
  5128 | D:4      | HP: 9/74 [Duvessa/rapier of protection (10)]
  5129 | D:4      | Killed Duvessa
  5486 | D:5      | HP: 31/74 [two-headed ogre/giant spiked club (24)]
  5798 | D:5      | HP: 36/74 [something (3)]
  5804 | D:5      | HP: 33/74 [poisoned by an orc]
  5812 | D:5      | HP: 33/74 [poisoned by an orc]
  5820 | D:5      | HP: 32/74 [poisoned by an orc]
  6047 | D:5      | Found a staircase to the Ecumenical Temple.
  6093 | Temple   | Entered the Ecumenical Temple
  6234 | Temple   | Became a worshipper of Qazlal Stormbringer
  6332 | D:5      | HP: 21/74 [two-headed ogre/giant spiked club (28)]
  6378 | D:4      | HP: 26/74 [orc wizard/dagger (1)]
  6381 | D:4      | HP: 10/74 [orc priest/divine providence (16)]
  6382 | D:4      | HP: 3/74 [orc priest/divine providence (8)]
  6753 | D:5      | Reached skill level 5 in Armour
  6753 | D:5      | Reached skill level 1 in Invocations
  6764 | D:5      | HP: 27/74 [two-headed ogre/giant spiked club (14)]
  6811 | D:5      | HP: 17/74 [two-headed ogre/giant spiked club (10)]
  6811 | D:5      | HP: 2/74 [two-headed ogre/giant spiked club (15)]
  6818 | D:5      | Mangled by a two-headed ogre

Skill      XL: |  1  2  3  4  5  6  7  8 |
---------------+-------------------------+-----
Fighting       | 2 3 4 5 7 8 |  8.0
Axes           | 2 5 7 |  7.4
Armour         | 1 3 5 |  5.0
Dodging        | 3 |  3.7
Invocations    | 1 |  1.2
Stealth        | |  1.5
Spellcasting   | |  1.3
Transmutations | |  0.7
Earth Magic    | |  2.4

Action                   |  1- 3 |  4- 6 |  7- 9 || total
-------------------------+-------+-------+-------++-------
Melee: Unarmed           |     5 |    11 |       ||    16
       Whip              |    14 |       |       ||    14
       Headbutt          |     4 |    18 |    48 ||    70
       Mace              |    59 |    45 |       ||   104
       Quarterstaff      |       |    70 |       ||    70
       Short sword       |       |    12 |    48 ||    60
       War axe           |       |     3 |   155 ||   158
       Rapier            |       |       |    28 ||    28
 Cast: Sandblast         |     8 |       |       ||     8
  Use: Potion            |       |     2 |     1 ||     3
       Scroll            |       |       |    10 ||    10
 Stab: Sleeping          |     1 |       |       ||     1
  Eat: Chunk             |     1 |     7 |     9 ||    17
       Fruit             |       |       |     1 ||     1
Armor: Robe              |    11 |       |       ||    11
       Leather armour    |    12 |    20 |       ||    32
       Skin              |     5 |    12 |     1 ||    18
       Chain mail        |       |    30 |   141 ||   171
       Scale mail        |       |       |     2 ||     2
Dodge: Dodged            |    64 |    69 |    98 ||   231
